 Dungeon Crawl Stone Soup version 0.26-a0-707-g31817bcca1 (webtiles) character file.

Game seed: 9730572362362702485

126 Froggeryz the Ruffian (level 5, -2/32 HPs)
             Began as a Gargoyle Monk on Oct 27, 2020.
             Slain by an ogre
             ... wielding a +0 giant club
              (16 damage)
             ... on level 3 of the Dungeon.
             The game lasted 00:03:01 (3012 turns).

Froggeryz the Ruffian (Gargoyle Monk)               Turns: 3012, Time: 00:03:01

Health: -2/32      AC: 10    Str: 21    XL:     5   Next: 9%
Magic:  5/5        EV: 11    Int: 17    God:
Gold:   105        SH:  0    Dex: 12    Spells: 4/4 levels left

rFire    . . .     SeeInvis .     - Unarmed
rCold    . . .     Faith    .   (no shield)
rNeg     + . .     Spirit   .   n - +0 ring mail
rPois    ∞         Reflect  .   (no helmet)
rElec    +         Harm     .   d - +0 cloak
rCorr    .         Rampage  .   (no gloves)
MR       .....                  (no boots)
Stlth    +.........             (no amulet)
HPRegen  0.10/turn              i - +6 ring of intelligence
MPRegen  0.09/turn              a - +6 ring of strength

@: no status effects
A: negative energy resistance 1, electricity resistance, unbreathing,
petrification resistance, rot immunity, AC +4
a: no special abilities


You were on level 3 of the Dungeon.
You visited 1 branch of the dungeon, and saw 4 of its levels.

You collected 105 gold pieces.

Inventory:

Missiles
 e - 37 poisoned darts (quivered)
 l - a throwing net
Armour
 d - a +0 cloak (worn)
 n - a +0 ring mail (worn)
Jewellery
 a - a +6 ring of strength (right hand)
 i - a +6 ring of intelligence (left hand)
Scrolls
 b - 3 scrolls of teleportation {unknown}
 j - 3 scrolls of identify
 k - a scroll of remove curse
 m - 2 scrolls of magic mapping {unknown}
 p - a scroll of immolation {unknown}
 q - a scroll of random uselessness {unknown}
 s - a scroll of fear
 t - a scroll of blinking {unknown}
Potions
 c - a potion of might {unknown}
 f - a potion of invisibility {unknown}
 g - a potion of flight {unknown}
 h - 2 potions of heal wounds
 o - a potion of curing {unknown}
 r - a potion of berserk rage {unknown}


   Skills:
 - Level 3.2 Fighting
 + Level 2.1 Throwing
 - Level 2.4 Dodging
 - Level 2.1 Stealth
 * Level 4.9 Unarmed Combat


You had 4 spell levels left.
You didn't know any spells.
Your spell library contained the following spells:

 Spells                   Type           Power        Failure   Level
 Animate Skeleton         Necr           #.....       36%         1
 Apportation              Tloc           #.....       36%         1
 Corona                   Hex            #......      36%         1
 Summon Small Mammal      Summ           #...         36%         1


Dungeon Overview and Level Annotations

Branches:
Dungeon (4/15)
 Temple: D:4-7

Altars:
Ashenzari
Gozag
Makhleb
Ru
Vehumet

Shops:
D:3 *


Innate Abilities, Weirdness & Mutations

You are resistant to torment.
Your stone body is resilient. (AC +4)
You are immune to poison.
You resist negative energy. (rN+)
You are resistant to electric shocks. (rElec)
You can survive without breathing.
You are immune to petrification.
You are immune to rotting.


Message History

The hound barks!
You hear a shout!
The ogre hits you with a +0 giant club!
Found a runed robe.
You see here a scroll of remove curse.
There are monsters nearby!
You punch the ogre!
The ogre is heavily wounded.
A phantom comes into view.
The hound bites you but does no damage.
The quokka bites you but does no damage.
The hound bites you but does no damage.
There is a stone staircase leading up here.
The hound bites you but does no damage. The ogre barely misses you.
The quokka bites you.
You climb upwards.
There is a stone staircase leading down here.
The hound bites you but does no damage. The quokka bites you.
The ogre hits you with a +0 giant club!
Ouch! That really hurt!
You die...

###### #....#
##....### #.....'.#
#.....#.#
#########.#####.#####
#..h>O..............#
#...@r#########.#####
#.....# #.# #. ####'##
#.# ## #.# #.# #
#####.# #.# #.....#
#.#
#.....##########.#####
#.....+...............
#.....##########.#####


You could see an ogre, a hound and a quokka.

Vanquished Creatures
  A crimson imp (D:3)
  An adder (D:3)
  A worm (D:2)
  3 dart slugs
  9 orcs (D:3)
  A giant cockroach (D:3)
  6 goblins
  4 hobgoblins
  3 jackals (D:1)
  8 kobolds
  4 ball pythons
  6 bats
  5 frilled lizards
  14 rats
66 creatures vanquished.

Notes
Turn   | Place    | Note
-------+----------+-------------------------------------------
     0 | D:1      | Froggeryz the Gargoyle Monk began the quest for the Orb.
     0 | D:1      | Reached XP level 1. HP: 14/14 MP: 1/1
   348 | D:1      | Reached XP level 2. HP: 17/19 MP: 2/2
   746 | D:1      | Reached skill level 1 in Throwing
  1097 | D:2      | Found a sacrificial altar of Ru.
  1248 | D:2      | Reached XP level 3. HP: 19/23 MP: 3/3
  1489 | D:2      | Found a broken altar of Ashenzari.
  1617 | D:2      | Reached skill level 4 in Unarmed Combat
  2191 | D:3      | Reached XP level 4. HP: 28/28 MP: 4/4
  2526 | D:3      | Found an opulent altar of Gozag.
  2528 | D:3      | Found Gozag's Platinum Reserve.
  2751 | D:3      | Found a radiant altar of Vehumet.
  2752 | D:3      | Found a burning altar of Makhleb.
  2783 | D:3      | Reached XP level 5. HP: 24/32 MP: 5/5
  3006 | D:4      | Noticed an ogre
  3009 | D:4      | Noticed a phantom
  3012 | D:3      | Slain by an ogre

Illustrated notes

Levels and vault maps discovered:
D:1:      minmay_arrival_five_plusses, layout_basic
D:2:      layout_basic, nicolae_ashenzari_panopticon, nicolae_ru_awakened_eye,
          minmay_small_reverse_x
D:3:      layout_basic, grunt_temple_overflow_lords_of_destruction,
          nicolae_gozag_zags_fifth_avenue
D:4:      layout_gridville, minmay_temple_entry_statues

Skill      XL: |  1  2  3  4 |
---------------+-------------+-----
Throwing       | 1 2 |  2.1
Unarmed Combat | 4 |  4.9
Fighting       | |  3.2
Dodging        | |  2.4
Stealth        | |  2.1

Action                   |  1- 3 |  4- 6 || total
-------------------------+-------+-------++-------
Melee: Unarmed           |   160 |   106 ||   266
       Punch             |     1 |     2 ||     3
  Use: Scroll            |     3 |       ||     3
 Stab: Sleeping          |     6 |       ||     6
Armor: Robe              |    40 |       ||    40
       Ring mail         |    32 |    52 ||    84
Dodge: Dodged            |   115 |    70 ||   185

Table legend: (Time is in decaauts)
 A = Elapsed time spent in this place.
 B = Non-inter-level travel time spent in this place.
 C = Inter-level travel time spent in this place.
 D = Time resting spent in this place.
 E = Time spent auto-exploring this place.
 F = Levels seen in this place.
 G = Mean time per level.
                   A        B        C        D        E       F      G
               +--------+--------+--------+--------+--------+-----+--------+
         Total |   2990 |   2905 |     85 |    437 |   1945 |   4 |  747.5 |
       Dungeon |   2990 |   2905 |     85 |    437 |   1945 |   4 |  747.5 |
               +--------+--------+--------+--------+--------+-----+--------+

Top non-repeatable levels by time:
     D:1: 1074 daAuts
     D:3: 1003 daAuts
     D:2: 908 daAuts
     D:4: 4 daAuts
